AoeStats
← Dr. Watson

Arena

510361645Analyzed
4v4 RM · 1d ago on Sep 30, 2026· 52m 12s· 8 players
Game mode
Random Map
Map size
Large (8 player)
Population
200
Speed
Normal
Resources
Standard
Victory
Conquest
Starting age
Dark Age
Ending age
Imperial Age
RankedLock teamsTeams togetherTeam positionsShared explorationLock speedFull tech treeHidden civsTurbo modeCheats
Victory
Defeat
🇪🇸 Italians · Spain
1244
+16
🇸🇰 Ethiopians · Slovakia
1237
+16
🇸🇰 Turks · Slovakia
1236
+16
🇭🇰 Khmer · Hong Kong SAR China
1179
+18
🇨🇱 Dravidians · Chile
1262
-17
🇹🇷 Saracens · Türkiye
1236
-17
🇦🇷 Aztecs · Argentina
1222
-16
🇨🇱 Britons · Chile
1220
-16
Berenjena
9:38 Feudal Age
10:14 Double-Bit Axe
13:54 Horse Collar
19:10 Castle Age
18:19 Forging
19:59 Eagle Warrior
20:46 Town Watch
21:57 Gold Mining
23:19 Loom
24:39 Heavy Plow
28:39 Wheelbarrow
31:01 Gold Shaft Mining
31:29 Iron Casting
31:08 Squires
34:19 Imperial Age
32:07 Hand Cart
32:08 Fortified Wall
33:33 Fletching
34:37 Sappers
34:41 Elite Eagle Warrior
36:47 Scale Mail Armor
37:48 Blast Furnace
37:47 Herbal Medicine
39:02 Chemistry
38:29 Bodkin Arrow
40:10 Onager
41:25 Bracer
41:26 Padded Archer Armor
41:42 Chain Mail Armor
41:17 Capped Ram
42:27 Town Watch
43:43 Siege Ram
47:09 Siege Ram
FAKE CARACODUENDE
11:20 Feudal Age
14:52 Castle Age
13:03 Double-Bit Axe
13:37 Horse Collar
16:13 Bow Saw
19:28 Wheelbarrow
21:31 Hand Cart
21:26 Loom
21:37 Loom
24:21 Heavy Plow
25:08 Fletching
25:19 Padded Archer Armor
27:37 Light Cavalry
47:25 Scale Barding Armor
47:31 Forging
Dr. Watson
6:38 Loom
10:37 Feudal Age
11:25 Double-Bit Axe
17:27 Castle Age
15:58 Gold Mining
18:13 Stone Mining
25:01 Scale Barding Armor
25:32 Stone Mining
26:43 Forging
26:58 Chain Barding Armor
27:20 Fletching
29:05 Bodkin Arrow
29:36 Forging
29:51 Padded Archer Armor
31:08 Gold Shaft Mining
30:10 Elite Skirmisher
31:20 Bow Saw
31:48 Wheelbarrow
31:36 Thumb Ring
31:38 Horse Collar
32:53 Leather Archer Armor
34:01 Ballistics
34:22 Hand Cart
35:01 Iron Casting
34:33 Husbandry
34:44 Bloodlines
34:47 Light Cavalry
36:25 Heavy Plow
39:07 Imperial Age
37:07 Scale Mail Armor
41:47 Chemistry
40:43 Murder Holes
40:54 Siege Engineers
41:41 Onager
42:32 Hussar
pequeñobro
10:47 Feudal Age
9:46 Loom
14:42 Castle Age
12:42 Horse Collar
13:05 Double-Bit Axe
24:03 Gold Mining
25:25 Wheelbarrow
26:36 Gold Shaft Mining
25:56 Stone Mining
26:10 Heavy Plow
26:26 Bow Saw
26:44 Scale Barding Armor
26:50 Forging
29:00 Hand Cart
32:32 Imperial Age
31:03 Town Watch
32:17 Town Patrol
32:55 Fletching
33:26 Chain Barding Armor
33:41 Iron Casting
32:40 Cavalier
33:54 Husbandry
34:04 Bodkin Arrow
34:01 Crossbowman
34:49 Arbalester
36:02 Ballistics
36:16 Light Cavalry
38:53 Chemistry
39:05 Padded Archer Armor
39:06 Bracer
40:09 Yeomen
40:10 Conscription
41:00 Warwolf
43:32 Two-Man Saw
44:51 Capped Ram
46:42 Hoardings
46:25 Leather Archer Armor
47:23 Blast Furnace
48:19 Ring Archer Armor
48:24 Plate Barding Armor
48:11 Pikeman
48:37 Gambesons
48:54 Scale Mail Armor
49:18 Halberdier
49:59 Squires
50:36 Arson
Flamenquin
9:12 Feudal Age
13:32 Castle Age
12:49 Double-Bit Axe
14:27 Horse Collar
19:31 Fletching
20:10 Loom
21:04 Wheelbarrow
25:03 Bodkin Arrow
29:59 Imperial Age
27:19 Town Watch
28:12 Fortified Wall
28:38 Padded Archer Armor
28:31 Gold Mining
29:58 Bow Saw
30:44 Leather Archer Armor
30:45 Bracer
30:43 Elite Skirmisher
34:27 Chemistry
33:57 Thumb Ring
34:20 Scale Mail Armor
34:51 Ring Archer Armor
35:31 Ballistics
36:15 Ring Archer Armor
36:11 Squires
38:17 Chain Mail Armor
38:13 Forging
39:01 Elite Genoese Crossbowman
41:04 Plate Mail Armor
42:57 Hoardings
42:43 Conscription
42:45 Caravan
43:07 Silk Road
43:45 Hand Cart
43:23 Arson
46:24 Heavy Plow
47:27 Two-Man Saw
47:37 Iron Casting
51:29 Crop Rotation
51:00 Town Patrol
50:56 Guard Tower
50:51 Arrowslits
51:18 Masonry
50:49 Treadmill Crane
xavii
10:46 Feudal Age
11:22 Double-Bit Axe
11:19 Horse Collar
16:10 Castle Age
18:29 Scale Barding Armor
18:35 Forging
19:40 Heavy Plow
22:02 Loom
23:08 Bow Saw
25:02 Wheelbarrow
28:07 Chain Barding Armor
28:22 Iron Casting
28:16 Husbandry
31:20 Imperial Age
30:17 Fletching
31:32 Heavy Camel Rider
33:15 Blast Furnace
32:11 Bodkin Arrow
33:47 Conscription
37:42 Gold Mining
41:28 Padded Archer Armor
41:29 Bracer
43:07 Leather Archer Armor
43:22 Elite Skirmisher
45:17 Thumb Ring
47:09 Two-Man Saw
49:16 Ballistics
49:56 Chemistry
Fuzboss
11:37 Feudal Age
13:16 Double-Bit Axe
16:06 Castle Age
20:06 Imperial Age
18:16 Padded Archer Armor
19:52 Leather Archer Armor
19:27 Fletching
21:25 Horse Collar
33:20 Bow Saw
33:10 Heavy Plow
34:42 Ring Archer Armor
34:49 Wheelbarrow
39:41 Gold Mining
39:41 Loom
40:11 Hand Cart
40:21 Scale Barding Armor
41:28 Bloodlines
41:19 Husbandry
41:35 Forging
42:37 Chain Barding Armor
42:19 Town Watch
43:41 Iron Casting
44:29 Plate Barding Armor
46:49 Blast Furnace
虫
11:57 Feudal Age
15:24 Castle Age
13:38 Double-Bit Axe
13:35 Horse Collar
16:25 Bow Saw
16:28 Heavy Plow
22:26 Wheelbarrow
22:29 Gold Mining
22:33 Stone Mining
24:16 Hand Cart
25:37 Gold Shaft Mining
29:16 Imperial Age
26:31 Loom
28:09 Town Watch
29:58 Ballistics
29:49 Fortified Wall
29:20 Heavy Scorpion
31:05 Chemistry
31:02 Crop Rotation
31:45 Conscription
31:36 Siege Engineers
32:27 Stone Shaft Mining
33:09 Town Patrol
32:35 Capped Ram
34:33 Double Crossbow
35:36 Siege Ram
36:25 Husbandry
36:35 Bloodlines
39:12 Elite Battle Elephant
41:04 Scale Barding Armor
41:09 Forging
41:56 Tusk Swords
42:33 Hoardings
42:21 Chain Barding Armor
42:37 Iron Casting
41:53 Fletching
42:03 Padded Archer Armor
46:08 Plate Barding Armor
46:34 Blast Furnace
45:29 Bodkin Arrow
45:50 Leather Archer Armor
48:12 Bracer
50:56 Coinage
50:27 Caravan
Connection lost

Rejoining the realm…

Still unreachable

The connection could not be restored.

Session expired

The server has moved on; the page needs a fresh start.